 Dungeon Crawl Stone Soup version 0.24-a0-434-gd57e52fea8 (webtiles) character file.

Game seed: 6185641672136716884

63249 ivs the Cleaver (level 15, -2/80 HPs)
             Began as a Vine Stalker Gladiator on June 15, 2019.
             Was a High Priest of Makhleb.
             Slain by a spark wasp (12 damage)
             ... on level 2 of the Spider Nest.
             The game lasted 02:27:19 (9320 turns).

ivs the Cleaver (Vine Stalker Gladiator)            Turns: 9320, Time: 02:27:19

Health: -2/80      AC: 26    Str: 19    XL:     15   Next: 9%
Magic:  0/23       EV: 27    Int:  8    God:    Makhleb [*****.]
Gold:   662        SH:  0    Dex: 20    Spells: 10/14 levels left

rFire    . . .     SeeInvis .   a - +4 broad axe (elec)
rCold    . . .     Gourm    .   (no shield)
rNeg     . . .     Faith    .   E - +4 chain mail
rPois    +         Spirit   +   o - +1 helmet
rElec    .         Reflect  .   z - +0 cloak
rCorr    .         Harm     .   e - +1 pair of gloves
MR       +....                  T - +0 pair of boots
Stlth    ..........             A - amulet of the acrobat
HPRegen  1.03/turn              P - ring of poison resistance
MPRegen  0.18/turn              N - +4 ring of protection

@: lethally poisoned (-2 -> -2), acrobat
A: fangs 3, regeneration 2, magic shield, antimagic bite, no potion heal 3, rot
immunity
a: Minor Destruction, Lesser Servant of Makhleb, Major Destruction, Greater
Servant of Makhleb, Renounce Religion


You were on level 2 of the Spider Nest.
You worshipped Makhleb.
Makhleb was extremely pleased with you.
You were not hungry.

You visited 4 branches of the dungeon, and saw 25 of its levels.
You visited 1 bazaar.
You also visited: Bailey and Volcano.

You collected 1049 gold pieces.
You spent 387 gold pieces at shops.

Inventory:

Hand Weapons
 a - a +4 broad axe of electrocution (weapon)
 b - a +2 great mace of electrocution
 h - the +1 lajatang "Xirowk" {slice, MR+}
   (You found it in a bailey)

   It inflicts extra damage upon your enemies.
   It affects your resistance to hostile enchantments.
 O - a +0 battleaxe
Missiles
 n - 14 boomerangs
 B - 4 throwing nets
 Z - 4 curare-tipped darts (quivered)
Armour
 e - a +1 pair of gloves (worn)
 o - a +1 helmet (worn)
 s - a +2 leather armour of magic resistance
 x - a +2 ring mail of fire resistance
 z - a +0 cloak (worn)
 E - a +4 chain mail (worn)
 R - a scarf of cloud immunity
 T - a +0 pair of boots (worn)
Jewellery
 A - an amulet of the acrobat (around neck)
 C - an uncursed ring of protection from cold
 D - a +5 ring of dexterity
 F - an uncursed ring of fire
 I - an uncursed ring of see invisible
 M - an uncursed ring of protection from magic
 N - a +4 ring of protection (right hand)
 P - a ring of poison resistance (left hand)
Wands
 d - a wand of acid (5)
 k - a wand of disintegration (4)
 Y - a wand of flame (9)
Scrolls
 i - 4 scrolls of remove curse
 j - a scroll of noise
 p - a scroll of amnesia
 y - a scroll of brand weapon
 H - 2 scrolls of immolation
 J - 4 scrolls of holy word
 L - a scroll of blinking
 Q - a scroll of magic mapping
Potions
 c - a potion of invisibility
 g - 7 potions of curing
 m - 3 potions of cancellation
 r - 4 potions of brilliance
 t - a potion of might
 u - 4 potions of haste
 v - a potion of magic
 w - a potion of agility {unknown}
 U - 4 potions of heal wounds {unknown}
 X - a potion of lignification {unknown}
Miscellaneous
 l - a phial of floods
 G - a box of beasts
 W - a phantom mirror
Comestibles
 f - 29 rations


   Skills:
 - Level 10.1 Fighting
 * Level 11.7(13.1) Axes
 - Level 4.0(9.3) Maces & Flails
   Level 9.0(12.0) Polearms
 - Level 5.3(8.3) Staves
 - Level 4.0 Throwing
 - Level 7.5 Armour
 - Level 7.4 Dodging
 + Level 10.5 Invocations
 - Level 2.0 Evocations


You had 10 spell levels left.
You knew the following spells:

 Your Spells              Type           Power        Failure   Level  Hunger
a - Apportation           Tloc           #.....       98%         1    ##.....
b - Spectral Weapon       Hex/Chrm       #.......     100%        3    ####...

Your spell library contained the following spells:

 Spells                   Type           Power        Failure   Level  Hunger
 Animate Skeleton         Necr           N/A          98%         1    ##.....
 Confusing Touch          Hex            #.....       98%         1    ##.....
 Corona                   Hex            #......      98%         1    ##.....
 Freeze                   Ice            #...         98%         1    ##.....
 Infusion                 Chrm           #...         98%         1    ##.....
 Summon Small Mammal      Summ           #...         98%         1    ##.....
 Call Imp                 Summ           #.......     99%         2    ###....
 Poisonous Vapours        Pois/Air       #.....       99%         2    ###....
 Shroud of Golubria       Chrm/Tloc      #.....       99%         2    ###....
 Slow                     Hex            #.......     99%         2    ###....
 Song of Slaying          Chrm           #.......     99%         2    ###....
 Throw Frost              Conj/Ice       #.....       99%         2    ###....
 Call Canine Familiar     Summ           #.......     100%        3    ####...
 Conjure Flame            Conj/Fire      #.......     100%        3    ####...
 Gell's Gravitas          Tloc           #.........   100%        3    ####...
 Inner Flame              Hex/Fire       #.......     100%        3    ####...
 Mephitic Cloud           Conj/Pois/Air  #.......     100%        3    ####...
 Ozocubu's Armour         Chrm/Ice       #.......     100%        3    ####...
 Portal Projectile        Hex/Tloc       #.....       100%        3    ####...
 Regeneration             Chrm/Necr      #.........   100%        3    ####...
 Summon Guardian Golem    Hex/Summ       #.......     100%        3    ####...
 Cause Fear               Hex            #.........   100%        4    #####..
 Force Lance              Conj/Tloc      #.......     100%        4    #####..
 Leda's Liquefaction      Hex/Erth       #.........   100%        4    #####..
 Summon Ice Beast         Ice/Summ       #.......     100%        4    #####..
 Summon Lightning Spire   Summ/Air       #.......     100%        4    #####..
 Throw Icicle             Conj/Ice       #.......     100%        4    #####..
 Dispersal                Tloc           #.........   100%        6    #######
 Freezing Cloud           Conj/Ice/Air   #.........   100%        6    #######
 Ring of Flames           Chrm/Fire      #.........   100%        7    #######
 Controlled Blink         Tloc           N/A          100%        8    #######
 Disjunction              Tloc           #.........   100%        8    #######


Dungeon Overview and Level Annotations

Branches:
Dungeon (15/15)            Temple (1/1) D:5            Lair (6/6) D:11
  Swamp (0/4) Lair:3       Spider (3/4) Lair:3        Slime (0/5) Lair:6
    Orc: D:9-12      Vaults: D:13-14     Depths: D:15

Altars:
Ashenzari
Dithmenos
Elyvilon
Fedhas
Gozag
Hepliaklqana
Kikubaaqudgha
Makhleb
Nemelex Xobeh
Okawaru
Qazlal
Ru
Sif Muna
Trog
Vehumet
Wu Jian
Yredelemnul
Zin
The Shining One
Jiyva

Shops:
D:8 (   D:9 [(}:   D:12 [   D:13 :

Portals:
Trove: D:15 (give +4 ice dragon scales)

Annotations:
Lair:6 1 runed translucent door


Innate Abilities, Weirdness & Mutations

You have razor-sharp teeth.
You heal very quickly.
When hurt, damage is shared between your health and your magic reserves.
Your bite disrupts and absorbs the magic of your enemies.
Potions cannot restore your health.
You are immune to rotting.


Message History

Your ufetubus hits the spark wasp but does no damage.
Your ufetubus misses the spark wasp.
Evoke which item? (* to show all) (? for menu, Esc to quit)
Aiming: Disintegrate
Press: ? - help, Shift-Dir - straight line, f/p - spark wasp
Aim: a spark wasp (lightly wounded, chance to defeat MR: 58%)
The spark wasp is blasted!!
The spark wasp stings you but does no damage.
Your ufetubus hits the spark wasp but does no damage.
Your ufetubus misses the spark wasp. The spark wasp stings you!
The spark wasp shocks you!
* * * LOW HITPOINT WARNING * * *
Your ufetubus closely misses the spark wasp.
Your ufetubus misses the spark wasp.
Unknown command.
You feel sick. The spark wasp stings you!
* * * LOW HITPOINT WARNING * * *
The spark wasp shocks you!
You die...

.......#...............##
........................#
.........#..............#
..#^..#....^^...........#
#.......................#
.................#.....#
............#.#........#
...........^..........##
##..#.....†>...@...####
#.....##..†#.3y..#.#
.......#.....5..#...#
..............####...#
........#.#>...# #..#
.#..........# ...
.............# ..
.#..#..........
#^##...........


You could see a spark wasp, a friendly ynoxinul and a friendly ufetubus.

Vanquished Creatures
  An emperor scorpion (Spider:2)
  Fannar (D:12)
  An ogre mage (Volcano)
  4 hydras
  11 two-headed ogres
  3 catoblepae (Lair:6)
  A centaur warrior (D:13)
  8 death yaks (Lair:6)
  Nergalle (D:12)
  Sonja (D:11)
  An unseen horror (D:10)
  An ugly thing (D:12)
  4 manticores
  11 wolf spiders
  9 elephants
  4 slime creatures
  A moth of wrath (Spider:2)
  Joseph (D:10)
  3 centaur zombies
  A black mamba (Lair:2)
  A gargoyle (D:14)
  2 rime drakes
  2 demonic crawlers (Spider:2)
  4 spiny frogs
  3 komodo dragons
  A queen bee (D:9)
  12 jumping spiders
  2 trolls
  A hornet (Spider:2)
  5 blink frogs (Lair:6)
  2 bog bodies (Lair:3)
  3 hippogriffs
  5 redbacks
  A wyvern (D:14)
  A shadow (D:12)
  23 yaks
  Grum (D:10)
  Eustachio (D:4)
  A fire bat (D:10)
  A golden eye (shapeshifter) (D:15)
  4 basilisks
  A steam dragon (Lair:4)
  A hungry ghost (D:10)
  4 swamp worms (Lair:3)
  2 wargs (D:11)
  An acid dragon (D:12)
  10 water moccasins
  7 porcupines
  3 ice beasts
  3 sky beasts
  6 orc warriors
  2 black bears (D:7)
  An eye of draining (D:8)
  A black bear (shapeshifter) (D:12)
  4 ogres
  3 wolves (D:10)
  4 phantoms
  4 centaurs
  13 crocodiles
  A big kobold (D:14)
  8 gnoll sergeants (Bailey)
  11 bullfrogs
  A water moccasin zombie (D:8)
  A scorpion (D:10)
  25 killer bees
  19 wights
  4 howler monkeys
  A bullfrog zombie (D:8)
  An electric eel (Lair:3)
  5 crimson imps
  A quasit (D:9)
  6 gnoll shamans (Bailey)
  3 hounds
  7 orc priests
  A centaur skeleton (D:11)
  2 jellies
  Jessica (D:3)
  3 bullfrog skeletons
  6 iguanas
  Terence (D:3)
  10 orc wizards
  7 worker ants
  A killer bee zombie (D:7)
  9 adders
  14 gnolls (Bailey)
  A shadow imp (D:13)
  An adder skeleton (D:4)
  3 worms
  8 dart slugs
  4 leopard geckos
  40 orcs
  2 ball pythons
  3 giant cockroaches
  10 goblins
  5 hobgoblins
  9 jackals
  6 quokkas
  3 bats (D:1)
  3 frilled lizards
  6 kobolds
  A leopard gecko skeleton (D:5)
  5 rats
  A plant (Lair:3)
474 creatures vanquished.

Vanquished Creatures (collateral kills)
  2 hydras
  2 two-headed ogres (D:15)
  4 skeletal warriors (D:15)
  An orb spider (Spider:2)
  A komodo dragon (Lair:5)
  An efreet (D:13)
  A tengu conjurer (D:15)
  A slime creature (D:13)
  A water moccasin (D:13)
  A killer bee (D:9)
15 creatures vanquished.

Vanquished Creatures (others)
  A hydra (D:11)
  Urug (D:11)
  A killer bee (D:9)
  5 fungi
  3 plants (Lair:6)
11 creatures vanquished.

Grand Total: 500 creatures vanquished

Notes
Turn   | Place    | Note
-------+----------+-------------------------------------------
     0 | D:1      | ivs the Vine Stalker Gladiator began the quest for the Orb.
     0 | D:1      | Reached XP level 1. HP: 11/11 MP: 2/2
    84 | D:1      | Reached skill level 3 in Axes
   158 | D:1      | Reached XP level 2. HP: 15/15 MP: 3/3
   391 | D:2      | Reached XP level 3. HP: 18/18 MP: 4/4
   529 | D:2      | Gained mutation: Your natural rate of healing is unusually
                  | fast. [Vine Stalker growth]
   529 | D:2      | Reached XP level 4. HP: 15/23 MP: 5/5
   539 | D:2      | You fall into a shaft and drop 1 floor!
   556 | D:3      | Noticed Terence
   564 | D:3      | Killed Terence
   564 | D:3      | Reached skill level 4 in Axes
   607 | D:3      | Reached XP level 5. HP: 26/26 MP: 6/6
   834 | D:4      | Reached XP level 6. HP: 27/30 MP: 7/7
   845 | D:4      | Reached skill level 5 in Axes
   885 | D:4      | Found an ornate altar of the Wu Jian Council.
   916 | D:4      | Noticed Eustachio
   927 | D:4      | Killed Eustachio
   927 | D:4      | Reached XP level 7. HP: 24/35 MP: 5/8
  1085 | D:3      | Noticed Jessica
  1106 | D:3      | Killed Jessica
  1111 | D:3      | Identified Jessica's Incunabulum of the Compass
  1125 | D:3      | Learned a level 1 spell: Apportation
  1277 | D:5      | Entered Level 5 of the Dungeon
  1281 | D:5      | Reached skill level 6 in Axes
  1428 | D:5      | Gained mutation: You have razor-sharp teeth. [Vine Stalker
                  | growth]
  1428 | D:5      | Reached XP level 8. HP: 33/40 MP: 6/9
  1429 | D:5      | Found a staircase to the Ecumenical Temple.
  1449 | D:5      | HP: 1/41 [ice beast (6)]
  1508 | Temple   | Entered the Ecumenical Temple
  1539 | Temple   | Became a worshipper of Makhleb the Destroyer
  1609 | D:5      | Reached skill level 7 in Axes
  1672 | D:6      | Found a deep blue altar of Sif Muna.
  1920 | D:7      | Found a bloodstained altar of Trog.
  2045 | D:7      | Reached * piety under Makhleb
  2051 | D:7      | Reached skill level 8 in Axes
  2215 | D:7      | Found a bloodstained altar of Trog.
  2249 | D:7      | Reached skill level 5 in Fighting
  2249 | D:7      | Reached XP level 9. HP: 44/47 MP: 10/10
  2458 | D:8      | Found Anuulol's Antique Weapon Shoppe.
  2494 | D:8      | Reached skill level 1 in Evocations
  2530 | D:8      | Reached skill level 9 in Axes
  2598 | D:8      | Found a flagged portal.
  2656 | D:8      | Found an opulent altar of Gozag.
  2658 | D:8      | Found a glowing silver altar of Zin.
  2665 | D:8      | Found a stormy altar of Qazlal.
  2665 | D:8      | Found a white marble altar of Elyvilon.
  2666 | D:8      | Found a hazy altar of Hepliaklqana.
  2669 | D:8      | Found a blossoming altar of Fedhas.
  2761 | Bailey   | Entered a bailey
  2780 | Bailey   | Reached ** piety under Makhleb
  2841 | Bailey   | Reached skill level 1 in Invocations
  2936 | Bailey   | Reached XP level 10. HP: 53/53 MP: 9/12
  2945 | Bailey   | Got a scorched lajatang
  2961 | Bailey   | Identified the cursed +1 lajatang "Xirowk" {slice, MR+}
                  | (You found it in a bailey)
  2993 | Bailey   | Reached skill level 1 in Armour
  3030 | Bailey   | Reached skill level 10 in Axes
  3043 | Bailey   | Reached skill level 1 in Staves
  3369 | D:9      | Found Tolisir's Antique Weapon Shoppe.
  3445 | D:9      | Found Hob Noma's Gadget Shop.
  3450 | D:9      | Bought a wand of disintegration (15) for 228 gold pieces
  3498 | D:9      | Found Halow's Armour Shoppe.
  3524 | D:9      | Reached *** piety under Makhleb
  3784 | D:9      | Found Korrosoc's Book Shoppe.
  3806 | D:10     | Entered Level 10 of the Dungeon
  4206 | D:10     | Killed an unseen horror
  4206 | D:10     | Reached XP level 11. HP: 27/58 MP: 10/15
  4231 | D:10     | Noticed Joseph
  4249 | D:10     | Killed Joseph
  4333 | D:10     | Learned a level 3 spell: Spectral Weapon
  4373 | D:10     | Reached **** piety under Makhleb
  4404 | D:10     | Noticed Grum
  4430 | D:10     | Killed Grum
  4520 | D:10     | Noticed Maurice
  4522 | D:10     | Noticed Maurice
  4522 | D:10     | Maurice changed into Maurice the fire bat
  4523 | D:10     | Killed Maurice the fire bat
  4553 | D:11     | Noticed Sonja
  4553 | D:11     | Noticed Nergalle
  4642 | D:11     | Found a staircase to the Lair.
  4651 | D:11     | Reached skill level 5 in Staves
  4770 | D:11     | Found a flickering gateway to a bazaar.
  4775 | Bazaar   | Entered a bazaar
  4775 | Bazaar   | Found Leileab's Armour Boutique.
  4775 | Bazaar   | Found Noledd's Jewellery Shop.
  4775 | Bazaar   | Found Kinud's Food Shop.
  4775 | Bazaar   | Found Unyrch's Assorted Antiques.
  4790 | Bazaar   | Bought a +0 pair of boots for 54 gold pieces
  4803 | Bazaar   | Bought a cursed ring of attention for 45 gold pieces
  4808 | Bazaar   | Bought a leather armour for 60 gold pieces
  4858 | D:11     | Noticed Urug
  4859 | D:11     | Killed Urug
  4931 | D:12     | Reached skill level 5 in Invocations
  4958 | D:12     | Reached skill level 1 in Polearms
  5025 | D:12     | Noticed a two-headed ogre
  5037 | D:12     | Killed a two-headed ogre
  5037 | D:12     | Reached skill level 5 in Armour
  5039 | D:12     | Found Visch's Antique Armour Emporium.
  5125 | D:12     | You fall into a shaft and drop 3 floors!
  5125 | D:15     | Entered Level 15 of the Dungeon
  5128 | D:15     | Noticed a skeletal warrior
  5131 | D:15     | Noticed a skeletal warrior
  5134 | D:15     | Noticed a two-headed ogre
  5137 | D:15     | Noticed a skeletal warrior
  5137 | D:15     | Killed a skeletal warrior
  5139 | D:15     | Killed a skeletal warrior
  5140 | D:15     | Noticed a skeletal warrior
  5140 | D:15     | Killed a two-headed ogre
  5140 | D:15     | Reached skill level 5 in Dodging
  5143 | D:15     | Killed a skeletal warrior
  5146 | D:15     | Found a portal to a secret trove of treasure.
  5148 | D:15     | Noticed a two-headed ogre
  5148 | D:15     | Killed a skeletal warrior
  5153 | D:15     | Killed a two-headed ogre
  5153 | D:15     | Gained mutation: You heal very quickly. [Vine Stalker
                  | growth]
  5153 | D:15     | Reached XP level 12. HP: 47/64 MP: 17/17
  5163 | D:15     | Noticed an ettin
  5381 | D:13     | Noticed a centaur warrior
  5425 | D:13     | Killed a centaur warrior
  5488 | D:13     | Found Pife's Book Shop.
  5665 | D:14     | Noticed a two-headed ogre
  5674 | D:14     | Killed a two-headed ogre
  5674 | D:14     | Reached skill level 5 in Polearms
  5792 | D:12     | Noticed Fannar
  5834 | D:12     | Killed Fannar
  5835 | D:12     | Noticed a two-headed ogre
  5847 | D:13     | Killed a two-headed ogre
  5954 | D:12     | Noticed a two-headed ogre
  5961 | D:12     | Killed a two-headed ogre
  6035 | D:12     | Killed Nergalle
  6078 | D:11     | Killed Sonja
  6218 | D:11     | Noticed a seven-headed hydra
  6269 | D:11     | Noticed a two-headed ogre
  6345 | D:11     | Killed a two-headed ogre
  6421 | D:11     | Killed a seven-headed hydra
  6421 | D:11     | Reached XP level 13. HP: 32/69 MP: 9/19
  6482 | Lair:1   | Entered Level 1 of the Lair of Beasts
  7054 | Lair:6   | Entered Level 6 of the Lair of Beasts
  7352 | Lair:6   | Found a runed translucent door.
  7354 | Lair:6   | Found a viscous altar of Jiyva.
  7355 | Lair:6   | Found a staircase to the Slime Pits.
  7355 | Lair:6   | Noticed an acid blob
  7420 | Lair:6   | Reached ***** piety under Makhleb
  7648 | Lair:6   | Found a dark tunnel.
  7653 | Volcano  | Entered a volcano
  7678 | Volcano  | Noticed an ogre mage
  7702 | Volcano  | Killed an ogre mage
  7702 | Volcano  | Reached XP level 14. HP: 75/75 MP: 21/21
  7898 | Lair:6   | Reached skill level 1 in Maces & Flails
  8147 | Lair:6   | Reached skill level 10 in Fighting
  8191 | Lair:6   | Identified a scroll of acquirement
  8483 | Lair:3   | Found a staircase to the Swamp.
  8929 | Lair:3   | Found a hole to the Spider Nest.
  9054 | Spider:1 | Entered Level 1 of the Spider Nest
  9096 | Spider:1 | Reached skill level 11 in Axes
  9096 | Spider:1 | Reached skill level 10 in Invocations
  9250 | Spider:2 | Noticed an emperor scorpion
  9260 | Spider:2 | Reached XP level 15. HP: 77/80 MP: 14/23
  9279 | Spider:2 | Killed an emperor scorpion
  9320 | Spider:2 | Slain by a spark wasp

Levels and vault maps discovered:
D:1:      minmay_arrival_four_loops, layout_basic
D:2:      layout_basic, xom_redecorated, first_ration
D:3:      layout_loops_ring, kennysheep_slug_shrine, kennysheep_jessica_study,
          uniq_terence
D:4:      layout_loops_ring, lemuel_crystal_altar, uniq_eustachio
D:5:      kennysheep_slugbush, layout_loops_ring, minmay_temple_entry_offerings
D:6:      layout_loops_corners, lemuel_crystal_altar,
          eat_drink_and_be_merry_uskayaw, uniq_edmund, uniq_pikel,
          uniq_crazy_yiuf_cottage
D:7:      layout_loops_corners, trog_ov_bears_minmay, basic_altar
D:8:      layout_basic, grunt_temple_overflow_open, serial_shops, shop,
          enter_bailey_3
D:9:      layout_big_octagon, serial_shops, shop, shop, kennysheep_little_box,
          shop_statue, shop, david_nohive_1
D:10:     minmay_ornate_pinched, layout_loops_corners, uniq_grum, uniq_maurice,
          uniq_joseph
D:11:     layout_long_grid, erik_lair_orcish_takeover, serial_shops,
          freezing_bzr, uniq_sonja, uniq_urug, uniq_nergalle
D:12:     layout_irregular_city, gauntlet_entry_generic, serial_shops, shop,
          minmay_bent, uniq_fannar
D:13:     layout_basic, serial_shops, nicolae_shop_competitors_out_of_business
D:14:     layout_small_grid, erik_vaults_2, special_room [special_room_orc],
          minmay_strange_pillars
D:15:     hangedman_depths_entry_civil_slaughter, layout_irregular_city,
          portal_ice_cave_entry_ice_beasts, hangedman_decor_opposing,
          enter_trove_1, uniq_roxanne
Temple:   eino_wide_crystal_templ
Lair:1:   wander_river, layout_regular_city, minmay_holes
Lair:2:   layout_chaotic_city, chequers_serial_rivers_room_a,
          beast_lair_carwin_2, infiniplex_staircase_pool_2
Lair:3:   layout_regular_city, nicolae_swamp_entry_splash_gauntlet,
          nicolae_spider_entry_tight_spaces, gammafunk_ghost_necromancy
Lair:4:   layout_regular_city, serial_bayou_shore_b
Lair:5:   beast_lair_carwin_large_3, layout_layer_cave, uniq_kirke
Lair:6:   evilmike_catoblepas_cave, layout_regular_city, slime_altar_2,
          nicolae_volcano_entry_s_turn, minmay_lair_oklob_chamber
Spider:1: layout_spider_delve, drop_trap, minivault_29
Spider:2: layout_spider_delve, special_room [special_room_bee], uniq_arachne
Spider:3: layout_spider_delve, nicolae_spider_stair_cavern

Skill      XL: |  1  2  3  4  5  6  7  8  9 10 11 12 13 14 |
---------------+-------------------------------------------+-----
Axes           | 3 4 5 6 8 9 10 11 | 11.7
Throwing       | 2 3 4 |  4.0
Dodging        | 3 4 5 6 7 |  7.4
Fighting       | 2 3 5 6 7 8 9 10 | 10.1
Evocations     | 2 |  2.0
Invocations    | 1 4 5 7 8 10 | 10.5
Armour         | 4 5 6 7 |  7.5
Staves         | 4 5 |  5.3
Polearms       | 3 6 8 9 |  9.0
Maces & Flails | 4 |  4.0

Action                   |  1- 3 |  4- 6 |  7- 9 | 10-12 | 13-15 || total
-------------------------+-------+-------+-------+-------+-------++-------
Melee: War axe           |    62 |    52 |   269 |       |       ||   383
       Bite              |    10 |    19 |   115 |   222 |   288 ||   654
       Lajatang          |       |       |       |   332 |       ||   332
       Halberd           |       |       |       |   231 |   330 ||   561
       Broad axe         |       |       |       |       |   175 ||   175
       Great mace        |       |       |       |       |   104 ||   104
Throw: Throwing net      |     7 |     1 |     5 |     9 |       ||    22
       Dart              |     6 |    19 |    69 |    57 |     1 ||   152
       Boomerang         |       |     1 |    17 |     7 |       ||    25
Invok: Minor Destruction |       |       |       |    10 |       ||    10
       Major Destruction |       |       |       |    13 |       ||    13
       Lesser Servant of |       |       |       |     6 |     4 ||    10
Evoke: Wand              |       |       |     5 |    20 |    21 ||    46
       Box of beasts     |       |       |       |     2 |       ||     2
  Use: Scroll            |       |       |     8 |     8 |    13 ||    29
       Potion            |       |       |     1 |     1 |     6 ||     8
 Stab: Sleeping          |     3 |       |     4 |       |       ||     7
       Held in net/web   |     1 |     3 |     1 |     1 |       ||     6
       Confused          |       |       |     1 |       |       ||     1
       Distracted        |       |       |       |     1 |     2 ||     3
       Petrified         |       |       |       |       |     1 ||     1
       Invisible         |       |       |       |       |     2 ||     2
  Eat: Chunk             |       |       |     7 |    13 |    11 ||    31
Armor: Leather armour    |    10 |     1 |    56 |       |       ||    67
       Scale mail        |       |    12 |       |       |       ||    12
       Chain mail        |       |       |    18 |   435 |   452 ||   905
       Ring mail         |       |       |       |       |    93 ||    93
Dodge: Dodged            |    47 |    20 |   189 |   352 |   582 ||  1190

Table legend:
 A = Non-vault XP
 B = Vault XP
 C = Vault XP percentage of total XP
 D = Non-vault monster count
 E = Vault monster count
 F = Vault count percentage of total count
                 A         B        C        D         E       F
            +---------+---------+-------+---------+---------+-------
      Total |   51624 |   38733 |  42.9 |     330 |     160 |  32.7
            +---------+---------+-------+---------+---------+-------
        D:1 |      36 |       0 |   0.0 |      19 |       0 |   0.0
        D:2 |      56 |       0 |   0.0 |      11 |       0 |   0.0
        D:3 |     116 |      75 |  39.3 |      14 |       3 |  17.6
        D:4 |     465 |     196 |  29.7 |      16 |       1 |   5.9
        D:5 |     580 |      28 |   4.6 |      14 |       7 |  33.3
        D:6 |     242 |       0 |   0.0 |      15 |       0 |   0.0
        D:7 |     838 |     261 |  23.7 |      15 |       2 |  11.8
        D:8 |    1516 |       8 |   0.5 |      29 |       4 |  12.1
        D:9 |     890 |     999 |  52.9 |      15 |      14 |  48.3
       D:10 |    1281 |    2621 |  67.2 |      27 |      16 |  37.2
       D:11 |    2706 |    1426 |  34.5 |      14 |      10 |  41.7
       D:12 |    4047 |    2699 |  40.0 |      17 |       8 |  32.0
       D:13 |    3586 |     970 |  21.3 |      15 |       2 |  11.8
       D:14 |    2450 |       0 |   0.0 |      13 |       0 |   0.0
       D:15 |    2106 |    1497 |  41.5 |       5 |       3 |  37.5
     Lair:1 |    2483 |       0 |   0.0 |      11 |       0 |   0.0
     Lair:2 |    3963 |     612 |  13.4 |      14 |       4 |  22.2
     Lair:3 |    3414 |    2723 |  44.4 |       9 |      13 |  59.1
     Lair:4 |     428 |       0 |   0.0 |       3 |       0 |   0.0
     Lair:5 |    2897 |    2905 |  50.1 |       6 |       6 |  50.0
     Lair:6 |    5766 |   14170 |  71.1 |      22 |      30 |  57.7
   Spider:1 |    2001 |       0 |   0.0 |       4 |       0 |   0.0
   Spider:2 |    8889 |       0 |   0.0 |      20 |       0 |   0.0
   Spider:3 |     868 |       0 |   0.0 |       2 |       0 |   0.0
     Bailey |       0 |    1130 | 100.0 |       0 |      30 | 100.0
    Volcano |       0 |    6413 | 100.0 |       0 |       7 | 100.0
            +---------+---------+-------+---------+---------+-------
